 Dungeon Crawl Stone Soup version 0.26.1-11-gd32895ea62 (webtiles) character file.

Game seed: 8761442793683064261

8615 H0rd4k the Slicer (level 11, -1/84 HPs)
             Began as a Human Artificer on Apr 27, 2021.
             Was an Initiate of Gozag.
             Slain by a basilisk (16 damage)
             ... on level 1 of the Lair of Beasts.
             The game lasted 00:28:04 (19501 turns).

H0rd4k the Slicer (Human Artificer)                Turns: 19501, Time: 00:28:06

Health: -1/84      AC:  6    Str: 20    XL:     11   Next: 59%
Magic:  11/11      EV: 15    Int: 14    God:    Gozag
Gold:   813        SH:  0    Dex: 13    Spells: 6/10 levels left

rFire    . . .     SeeInvis .   P - +6 great sword (vorpal)
rCold    + . .     Faith    .   (shield currently unavailable)
rNeg     . . .     Spirit   .   b - +0 leather armour
rPois    .         Reflect  .   (no helmet)
rElec    .         Harm     .   z - scarf {+Inv}
rCorr    .         Rampage  .   s - +1 pair of gloves
Will     .....                  (no boots)
Stlth    +++.......             (no amulet)
HPRegen  0.24/turn              p - +6 ring of strength
MPRegen  0.12/turn              M - ring of protection from cold

@: lethally poisoned (-1 -> -19), gold aura
A: no striking features
a: Renounce Religion, Evoke Invisibility, Potion Petition, Call Merchant, Bribe
Branch


You were on level 1 of the Lair of Beasts.
You worshipped Gozag.
Gozag was pleased with you.
You visited 3 branches of the dungeon, and saw 13 of its levels.

You collected 1835 gold pieces.
You spent 495 gold pieces at shops.
You paid 527 gold pieces to Gozag.

Inventory:

Hand Weapons
 O - a +3 rapier of flaming
 P - a +6 vorpal great sword (weapon)
Missiles
 o - 8 boomerangs of dispersal (quivered)
 D - 10 curare-tipped darts
Armour
 b - a +0 leather armour (worn)
 m - a +2 kite shield
 s - a +1 pair of gloves (worn)
 z - a scarf of invisibility (worn)
Magical Staves
 H - an uncursed staff of earth
 N - an uncursed staff of cold
Jewellery
 p - a +6 ring of strength (left hand)
 r - an uncursed ring of positive energy
 w - an uncursed ring of resist corrosion
 E - an uncursed ring of ice
 I - an uncursed amulet of regeneration
 M - a ring of protection from cold (right hand)
Wands
 c - a wand of flame (11)
 d - a wand of enslavement (2)
 e - a wand of random effects (15)
 B - a wand of acid (10)
 F - a wand of disintegration (9)
 L - a wand of polymorph (2)
Scrolls
 a - 7 scrolls of remove curse
 g - 2 scrolls of amnesia
 i - 2 scrolls of blinking
 j - 5 scrolls of identify
 x - 4 scrolls of enchant weapon
 y - 4 scrolls of teleportation
 A - a scroll of enchant armour
 J - a scroll of magic mapping
Potions
 f - 2 potions of might
 k - 2 potions of resistance
 l - a potion of mutation
 t - 6 potions of attraction
 u - a potion of flight
 v - a potion of lignification
 G - a potion of magic
 K - 2 potions of curing


   Skills:
 + Level 7.4 Fighting
 + Level 10.5(10.6) Short Blades
 + Level 2.1(7.0) Long Blades
 - Level 5.6 Armour
 + Level 6.9 Dodging
 + Level 6.1 Stealth
 + Level 5.5 Evocations


You had 6 spell levels left.
You knew the following spells:

 Your Spells              Type           Power        Failure   Level
a - Summon Lightning Spi  Summ/Air       0%           97%         4

Your spell library contained the following spells:

 Spells                   Type           Power        Failure   Level
 Animate Skeleton         Necr           0%           32%         1
 Apportation              Tloc           0%           32%         1
 Beastly Appendage        Tmut           0%           32%         1
 Corona                   Hex            0%           32%         1
 Pain                     Necr           0%           32%         1
 Summon Small Mammal      Summ           0%           32%         1
 Call Imp                 Summ           0%           45%         2
 Wereblood                Tmut           0%           45%         2
 Call Canine Familiar     Summ           0%           69%         3
 Spider Form              Tmut/Pois      0%           69%         3
 Summon Guardian Golem    Hex/Summ       0%           69%         3
 Vampiric Draining        Necr           0%           69%         3
 Animate Dead             Necr           0%           97%         4
 Ice Form                 Ice/Tmut       0%           97%         4
 Summon Ice Beast         Ice/Summ       0%           97%         4
 Agony                    Necr           0%           100%        5
 Blade Hands              Tmut           0%           100%        5


Dungeon Overview and Level Annotations

Branches:
Dungeon (11/15)            Temple (1/1) D:6            Lair (1/6) D:8
    Orc (0/2) D:9

Altars:
Ashenzari
Cheibriados
Dithmenos
Elyvilon
Fedhas
Gozag
Hepliaklqana
Kikubaaqudgha
Makhleb
Nemelex Xobeh
Okawaru
Qazlal
Ru
Sif Muna
Trog
Uskayaw
Vehumet
Wu Jian
Xom
Yredelemnul
Zin
The Shining One

Shops:
D:5 (   D:8 (

Annotations:
D:3 exclusion: downstairs
D:7 exclusion: ice statue


Message History

The water moccasin is severely wounded.
You feel very sick. The water moccasin bites you. The basilisk bites you!
* * * LOW HITPOINT WARNING * * *
Unknown command.
You closely miss the water moccasin.
The water moccasin is severely wounded.
* * * LOW HITPOINT WARNING * * *
You feel very sick. The water moccasin bites you.
* * * LOW HITPOINT WARNING * * *
The water moccasin completely misses you.
The basilisk misses you.
You slice the water moccasin!!
You kill the water moccasin!
* * * LOW HITPOINT WARNING * * *
You feel very sick. The basilisk bites you!
You die...
Your body crumbles into a pile of gold.

............. ...$........ .
.. ..........##+.# ...
.........#... ...#...P#......
##.#.#.##...+ .
.#......#..$.#....
..#.......@l......
#........#.........
#...P..#.##...#.... ......
#..#..##.##...#.... .....#
##..............########P...#
#P...........................
#...........................
#...........................
#...........................


You could see a basilisk.

Vanquished Creatures
  A manticore (D:9)
  Psyche (D:9)
  A troll (D:8)
  A hornet (D:7)
  3 orc warriors
  2 wyverns (D:9)
  2 soldier ants (D:10)
  8 water moccasins
  3 black bears
  4 sky beasts
  2 ice beasts
  A phantom (D:7)
  8 centaurs
  An ogre (D:10)
  A gnoll sergeant (D:6)
  8 bullfrogs
  A scorpion (D:8)
  4 killer bees (D:10)
  4 howler monkeys
  A bullfrog zombie (D:6)
  A quasit (D:6)
  A centaur zombie (D:4)
  2 jellies
  18 orc wizards
  5 hounds
  3 bullfrog skeletons
  7 orc priests
  2 centaur skeletons
  A gnoll shaman (D:6)
  2 iguanas
  5 worker ants
  A hound zombie (D:10)
  A howler monkey zombie (D:5)
  Robin (D:3)
  35 gnolls
  14 adders
  5 shadow imps
  5 white imps
  4 ufetubi
  An ooze (D:1)
  2 adder skeletons
  2 worms (D:3)
  3 dart slugs
  7 leopard geckos
  39 orcs
  5 giant cockroaches
  12 goblins
  2 hobgoblins
  36 jackals
  6 kobolds
  A quokka (D:6)
  6 bats
  3 frilled lizards
  2 goblin zombies (D:8)
  A hobgoblin zombie (D:8)
  3 kobold skeletons (D:8)
  2 kobold zombies (D:8)
  A leopard gecko zombie (D:5)
  2 orc skeletons (D:8)
  A quokka skeleton (D:4)
  7 rats
314 creatures vanquished.

Vanquished Creatures (collateral kills)
  A two-headed ogre (D:9)
  An orc warrior (D:9)
  Maggie (D:9)
  A phantom (D:10)
  An ogre (D:10)
  A bullfrog (D:10)
  A scorpion (D:10)
  3 orc priests
  4 orc wizards
  An adder (D:6)
  3 orcs
  A frilled lizard (D:6)
  A kobold (D:10)
20 creatures vanquished.

Vanquished Creatures (others)
  2 ogres
  A centaur (D:10)
  A big kobold (D:10)
  An iguana (D:9)
  2 adders
  An orc (D:9)
  38 fungi
  45 plants
91 creatures vanquished.

Grand Total: 425 creatures vanquished

Notes
Turn   | Place    | Note
-------+----------+-------------------------------------------
     0 | D:1      | H0rd4k the Human Artificer began the quest for the Orb.
     0 | D:1      | Reached XP level 1. HP: 15/15 MP: 1/1
   356 | D:1      | Reached XP level 2. HP: 6/21 MP: 2/2
  1349 | D:2      | Reached XP level 3. HP: 22/26 MP: 3/3
  1562 | D:2      | Found a blossoming altar of Fedhas.
  1599 | D:2      | Reached skill level 1 in Short Blades
  1819 | D:2      | Reached XP level 4. HP: 27/32 MP: 4/4
  2307 | D:3      | Reached skill level 2 in Short Blades
  2307 | D:3      | Reached XP level 5. HP: 21/37 MP: 5/5
  3054 | D:3      | Noticed Robin
  3065 | D:3      | Killed Robin
  3744 | D:4      | Reached XP level 6. HP: 40/44 MP: 6/6
  3750 | D:4      | Reached skill level 3 in Short Blades
  4010 | D:4      | Noticed an ogre
  4182 | D:4      | Reached skill level 4 in Short Blades
  4182 | D:4      | Reached XP level 7. HP: 39/51 MP: 7/7
  4839 | D:4      | Reached skill level 5 in Short Blades
  5095 | D:5      | Entered Level 5 of the Dungeon
  5290 | D:5      | Found a broken altar of Ashenzari.
  5539 | D:5      | Reached XP level 8. HP: 17/58 MP: 8/8
  5948 | D:5      | Found Calet's Antique Weapon Boutique.
  7181 | D:6      | Reached skill level 6 in Short Blades
  7746 | D:6      | Killed an orc warrior
  7747 | D:6      | Reached XP level 9. HP: 26/65 MP: 9/9
  8194 | D:6      | Found a staircase to the Ecumenical Temple.
  8210 | Temple   | Entered the Ecumenical Temple
  8356 | Temple   | Became a worshipper of Gozag Ym Sagoz the Greedy
  9913 | D:6      | Reached skill level 7 in Short Blades
 10781 | D:7      | Noticed a hornet
 10787 | D:7      | Killed a hornet
 10788 | D:7      | Reached skill level 5 in Armour
 10897 | D:7      | Noticed an ice statue
 11256 | D:7      | Reached skill level 8 in Short Blades
 11596 | D:7      | Reached skill level 5 in Fighting
 11932 | D:7      | Reached XP level 10. HP: 60/74 MP: 10/10
 12831 | D:8      | Reached skill level 5 in Dodging
 12840 | D:8      | Found a staircase to the Lair.
 13058 | D:7      | Reached skill level 9 in Short Blades
 14226 | D:8      | Found a glowing golden altar of the Shining One.
 14714 | D:8      | Reached skill level 5 in Stealth
 15248 | D:9      | Found a staircase to the Orcish Mines.
 15250 | D:9      | Noticed Psyche
 15268 | D:9      | Killed Psyche
 15360 | D:9      | Noticed a manticore
 15719 | D:9      | Reached skill level 10 in Short Blades
 15727 | D:9      | Found a shadowy altar of Dithmenos.
 15815 | D:9      | Noticed Maggie
 15823 | D:9      | Noticed a two-headed ogre
 15839 | D:9      | Killed Maggie
 15840 | D:9      | Reached XP level 11. HP: 54/83 MP: 11/11
 15849 | D:9      | Killed a two-headed ogre
 15973 | D:9      | Killed a manticore
 15974 | D:9      | Reached skill level 5 in Evocations
 16906 | D:9      | Found a hide-covered altar of Uskayaw.
 16913 | D:9      | Found a bloodstained altar of Trog.
 16915 | D:9      | Found a burning altar of Makhleb.
 16917 | D:9      | Found a sparkling altar of Nemelex Xobeh.
 16969 | D:10     | Entered Level 10 of the Dungeon
 17762 | D:8      | Bought a runed rapier for 210 gold pieces
 17762 | D:8      | Bought a glowing great sword for 285 gold pieces
 18253 | D:10     | Reached skill level 1 in Long Blades
 19416 | Lair:1   | Entered Level 1 of the Lair of Beasts
 19435 | Lair:1   | Learned a level 4 spell: Summon Lightning Spire
 19501 | Lair:1   | Slain by a basilisk

Illustrated notes

Levels and vault maps discovered:
D:1:      scummos_arrival_hexagon, layout_loops_corners, st_stairs_3
D:2:      layout_basic, fedhas_altar_2
D:3:      layout_loops_corners, uniq_robin
D:4:      minmay_door_path, layout_basic
D:5:      layout_basic, cheibrodos_ashenzari_chains, serial_shops,
          nicolae_shop_overgrown_old_shop
D:6:      lemuel_castle_with_subvaults [lemuel_castle_interior_carwin_2],
          layout_rooms, minmay_temple_entry_statues_fountains,
          serial_co_window_serial, co_window_corner_a, co_window_corner_a,
          co_window_corner_a, co_window_cross_1, co_window_paths_a,
          co_window_corner_ca, co_window_broadway_a, co_window_broadway_b,
          co_window_of_opportunity_b, co_window_corner_b, co_window_4corner_a,
          glass_columns_c, glass_columns_a, glass_columns_b, glass_columns_a,
          glass_columns_b
D:7:      lemuel_ice_statue, layout_gridville
D:8:      layout_cave_pods, nicolae_tso_besieged_by_evil,
          due_lair_maze_entry_diamond, minmay_radiant
D:9:      layout_cross, minitemple, orc_0_dummy, basic_altar,
          chequers_serial_rivers_small_3, palyth_stone_intersect, uniq_maggie,
          uniq_psyche
D:10:     layout_rooms, hangedman_pestilent_swarm
D:11:     layout_loops_ring
Temple:   nicolae_temple_elliptical
Lair:1:   layout_regular_city, gammafunk_ghost_icy, lemuel_fruit_tree,
          grunt_megastairs_5, uniq_harold

Skill      XL: |  1  2  3  4  5  6  7  8  9 10 11 |
---------------+----------------------------------+-----
Short Blades   | 1 2 4 5 6 8 10 | 10.5
Fighting       | 2 3 5 6 7 |  7.4
Armour         | 3 4 5 |  5.6
Stealth        | 2 3 4 5 6 |  6.1
Dodging        | 2 3 4 5 6 |  6.9
Evocations     | 4 5 |  5.5
Long Blades    | 2 |  2.1

Action                   |  1- 3 |  4- 6 |  7- 9 | 10-12 || total
-------------------------+-------+-------+-------+-------++-------
Melee: Dagger            |    77 |       |       |       ||    77
       Club              |     6 |       |       |       ||     6
       Short sword       |    16 |   141 |   473 |   376 ||  1006
       Great sword       |       |       |       |    87 ||    87
Invok: Call Merchant     |       |       |       |     1 ||     1
Evoke: Wand              |     5 |     3 |    10 |    33 ||    51
  Use: Scroll            |     6 |       |     5 |    10 ||    21
       Potion            |       |       |     3 |     3 ||     6
 Stab: Sleeping          |       |       |     4 |     5 ||     9
       Distracted        |       |       |     2 |     4 ||     6
Armor: Leather armour    |    22 |    28 |    79 |    80 ||   209
Dodge: Dodged            |    55 |    71 |   291 |   297 ||   714
Block: Kite shield       |       |     1 |       |       ||     1
       Rpst.: Great sword |       |       |       |    24 ||    24
